Cogmind - Beta 13 @@@ ROGUE MODE // 2024.04.28 @ 17:06:34 Player: Modulottie Result: Destroyed by S-10 Pest with Light Assault Rifle Performance ------------- Evolutions (0) 0 Regions Visited (4) 800 Robots Destroyed (12) 60 Value Destroyed (290) 290 Prototype IDs (23) 460 Alien Tech Used (0) 0 Bonus (325) 325 TOTAL SCORE: 1935 Bonus ------- Follower Combat Kills 25 Aligned with FarCom 300 Cogmind --------- Core Integrity 0/250 Matter 273/300 Energy 244/250 System Corruption 0% Temperature Danger (452) Movement Walking (260) Ox2 Location -9/Mines Parts ------- > --- POWER (1) -------- Ion Engine > --- PROPULSION (2) --- Aluminum Leg > --- UTILITY (2) ------ Small Storage Unit Medium Storage Unit > --- WEAPON (2) ------- Beamcaster Light Assault Rifle > --- INVENTORY (10) --- Reinforced Deuterium Engine Light Fission Core Light Fission Core Aluminum Leg Wheel Compact Wheel Flight Unit Flight Unit ECM Suite Trap Reconfigurator Peak State ------------ > --- POWER ------------ Ion Engine > --- PROPULSION ------- Aluminum Leg Aluminum Leg > --- UTILITY ---------- Small Storage Unit Medium Storage Unit > --- WEAPON ----------- Beamcaster Light Assault Rifle > --- INVENTORY -------- Reinforced Deuterium Engine Light Fission Core Light Fission Core Light Treads Aluminum Leg Wheel Compact Wheel Flight Unit Flight Unit ECM Suite [Rating: 13] Favorites ----------- Power Ion Engine Engine Ion Engine Propulsion Aluminum Leg Leg Aluminum Leg Utility Small Storage Unit Storage Small Storage Unit Weapon Light Assault Rifle Energy Gun Beamcaster Ballistic Gun Light Assault Rifle Build | -11 -10 -10 -10 -9 ------- Run | Yrd Mat Min Exi Min Slots Evolved . | . . . . . Power . | . . . . . Propulsion . | . . . . . Utility . | . . . . . Weapon . | . . . . . Parts Attached 15 | 5 5 4 . 1 Power 2 | 1 . 1 . . Engine 2 | 1 . 1 . . Core . | . . . . . Reactor . | . . . . . Propulsion 5 | 1 2 2 . . Treads . | . . . . . Leg 5 | 1 2 2 . . Wheel . | . . . . . Hover . | . . . . . Flight . | . . . . . Utility 2 | 1 1 . . . Device . | . . . . . Storage 2 | 1 1 . . . Processor . | . . . . . Hackware . | . . . . . Protection . | . . . . . Artifact . | . . . . . Weapon 6 | 2 2 1 . 1 Energy Gun 3 | 2 . 1 . . Energy Cannon . | . . . . . Ballistic Gun 3 | . 2 . . 1 Ballistic Cannon . | . . . . . Launcher . | . . . . . Special Weapon . | . . . . . Impact Weapon . | . . . . . Slashing Weapon . | . . . . . Piercing Weapon . | . . . . . Special Melee Weapon . | . . . . . Unidentified Prototypes . | . . . . . Parts Lost 3 | . . 1 . 2 Power 1 | . . 1 . . Propulsion 1 | . . . . 1 Utility . | . . . . . Weapon 1 | . . . . 1 Highest Loss Streak 2 | . . 1 . 2 To Critical Strikes . | . . . . . Average Slot Usage (%) 97 | . 91 98 100 95 Engine 13 | . 14 12 14 14 Leg 26 | . 21 28 28 26 Storage 27 | . 26 28 28 28 Energy Gun 10 | . 7 8 14 14 Ballistic Gun 17 | . 20 19 14 11 Naked Turns . | . . . . . Heaviest Build 26 | 13 23 26 26 26 Greatest Support 20 | 10 20 20 20 20 Greatest Overweight (x) 2 | 1 2 1 1 1 Average Overweight (x) 1 | . 1 . 1 1 Largest Inventory Capacity 10 | 8 10 10 10 10 Average Capacity 9 | 7 9 10 10 10 Most Carried 10 | 7 10 10 10 10 Average Carried 9 | 5 8 9 9 10 Final Capacity 10 | 8 10 10 10 10 Final Carried 10 | 7 10 9 10 10 Class Distribution -------------------- 100% | Mutant Dominant Class ---------------- Mutant | -10/Materials Mutant | -10/Mines Mutant | -10/Exiles Mutant | -9/Mines Resources | -11 -10 -10 -10 -9 ----------- Run | Yrd Mat Min Exi Min Matter Collected 394 | 244 86 64 . . Remotely . | . . . . . Salvage Created 368 | . 126 190 . 52 Parts 29 | . 10 11 . 8 Haulers Intercepted . | . . . . . Recyclers Shooed . | . . . . . Parts Field Recycled . | . . . . . Retrieved Matter . | . . . . . Parts Self-Destructed . | . . . . . Prevented . | . . . . . Kills | -11 -10 -10 -10 -9 ------- Run | Yrd Mat Min Exi Min Combat Hostiles Destroyed 12 | . 5 4 . 3 Guns 12 | . 5 4 . 3 Classes Destroyed 2 | . 2 . . . Swarmer 6 | . 3 . . 3 Grunt 6 | . 2 4 . . Best Kill Streak 3 | . 3 2 . 2 Combat Bots Only 3 | . 3 2 . 2 Max Kills in Single Turn 1 | . 1 1 . 1 Gunslinging . | . . . . . Exploded . | . . . . . Melee . | . . . . . Uniques/NPCs Destroyed . | . . . . . Combat | -11 -10 -10 -10 -9 -------- Run | Yrd Mat Min Exi Min Hostile Shots Fired 110 | . 33 32 . 45 Missed 18 | . 10 8 . . Damage Taken 879 | . 202 317 . 360 Core 254 | . 42 133 . 79 Absorbed by Shields . | . . . . . Core Remaining (%) 100 | 100 . . . . Volleys Fired 52 | . 15 22 . 15 Largest 2 | . 2 2 . 2 Hottest 95 | . 40 40 . 95 Shots Fired 96 | . 30 44 . 22 Gun 96 | . 30 44 . 22 Cannon . | . . . . . Launcher . | . . . . . Special . | . . . . . Kinetic 81 | . 30 44 . 7 Thermal 15 | . . . . 15 Explosive . | . . . . . Electromagnetic . | . . . . . Robot Hit Streak 12 | . 12 12 . 3 Robot Miss Streak 4 | . 1 2 . 4 Penetration Max . | . . . . . Secondary Targets 3 | . 2 . . 1 Max Gunslinging Chain 1 | . 1 . . 1 Shots Hit Robots 63 | . 23 31 . 9 Core Hits 28 | . 11 13 . 4 Critical Kills . | . . . . . Critical Parts Destroyed . | . . . . . Critical Strikes . | . . . . . Melee Attacks . | . . . . . Impact . | . . . . . Slashing . | . . . . . Piercing . | . . . . . Sneak Attacks . | . . . . . Combat Hostiles . | . . . . . Follow-up Attacks . | . . . . . Damage Inflicted 620 | . 186 261 . 173 Guns 620 | . 186 261 . 173 Cannons . | . . . . . Explosions . | . . . . . Melee . | . . . . . Ramming . | . . . . . Kinetic 476 | . 186 261 . 29 Thermal 144 | . . . . 144 Explosive . | . . . . . Electromagnetic . | . . . . . Impact . | . . . . . Slashing . | . . . . . Piercing . | . . . . . Highest Corruption . | . . . . . Average Corruption . | . . . . . Corruption Purged . | . . . . . Corruption Blocked . | . . . . . Overload Shots . | . . . . . Overflow Damage . | . . . . . Projectiles . | . . . . . Explosions . | . . . . . Melee . | . . . . . Knockbacks . | . . . . . Impact . | . . . . . Kinetic . | . . . . . Secondary . | . . . . . Self-Inflicted Damage . | . . . . . Shots . | . . . . . Rammed . | . . . . . Targets Rammed . | . . . . . Kicked . | . . . . . Crushed . | . . . . . Highest Temperature 477 | . 12 26 . 477 Average Temperature 145 | . 8 11 . 277 Received Heat Transfer 231 | . 48 183 . . Effects 1 | . . . . 1 Shutdowns 1 | . . . . 1 Siege Activations . | . . . . . Robots Corrupted . | . . . . . Combat Hostiles . | . . . . . Parts Fried . | . . . . . Impact Corruptions . | . . . . . Robots Melted . | . . . . . Combat Hostiles . | . . . . . Parts Melted 1 | . . 1 . . Heat Transferred 259 | . . . . 259 Parts Sabotaged . | . . . . . Parts Stolen . | . . . . . Parts Stripped . | . . . . . Power Chain Reactions . | . . . . . Alert | -11 -10 -10 -10 -9 ------- Run | Yrd Mat Min Exi Min Peak Influence 143 | . 130 143 . 40 Initial 50 | . . 50 . . Average 57 | . 56 74 . 8 Maximum Alert Level . | . . . . . Low Security (%) 100 | 100 100 100 . 100 Level 1 . | . . . . . Level 2 . | . . . . . Level 3 . | . . . . . Level 4 . | . . . . . Level 5 . | . . . . . High Security . | . . . . . Max Security . | . . . . . Squads Dispatched 1 | . 1 . . . Investigation 1 | . 1 . . . Extermination . | . . . . . Reinforcement . | . . . . . Assault . | . . . . . Garrison . | . . . . . Intercept . | . . . . . Searches Triggered . | . . . . . Construction Impeded . | . . . . . Haulers Reinforced . | . . . . . Active Scanning Responses . | . . . . . Cargo Convoy Interrupts . | . . . . . Stealth | -11 -10 -10 -10 -9 --------- Run | Yrd Mat Min Exi Min Distress Signals 1 | . 1 . . . Communications Jammed . | . . . . . Distress Signals . | . . . . . Times Spotted 19 | . 8 7 . 4 Peak Tracking Total 5 | . 5 3 . 4 Tactical Retreats 1 | . 1 . . . Traps | -11 -10 -10 -10 -9 ------- Run | Yrd Mat Min Exi Min Traps Triggered . | . . . . . Indirectly . | . . . . . Trap Hack Attempts . | . . . . . Triggered . | . . . . . Disarmed . | . . . . . Reprogrammed . | . . . . . Reused . | . . . . . Traps Extracted . | . . . . . Installed . | . . . . . Triggered . | . . . . . Machines | -11 -10 -10 -10 -9 ---------- Run | Yrd Mat Min Exi Min Machines Disabled . | . . . . . Max in Single Turn . | . . . . . Machines Repaired . | . . . . . Machines Dismantled . | . . . . . Machines Sabotaged . | . . . . . Overloaded Fab Kills . | . . . . . Hacking | -11 -10 -10 -10 -9 --------- Run | Yrd Mat Min Exi Min Machines Accessed 2 | . 1 . 1 . Terminals 1 | . 1 . . . Fabricators . | . . . . . Repair Stations . | . . . . . Recycling Units . | . . . . . Scanalyzers . | . . . . . Garrison Access . | . . . . . Total Hacks 4 | . 3 . 1 . Successful 2 | . 1 . 1 . Failed 2 | . 2 . . . Catastrophic 2 | . 2 . . . Database Lockouts . | . . . . . Manual 4 | . 3 . 1 . Terminals 3 | . 3 . . . Fabricators . | . . . . . Repair Stations . | . . . . . Recycling Units . | . . . . . Scanalyzers . | . . . . . Garrison Access . | . . . . . Terminal Hacks 1 | . . . 1 . Derelict Proto ID Bank 1 | . . . 1 . Fabricator Hacks . | . . . . . Repair Station Hacks . | . . . . . Recycling Unit Hacks . | . . . . . Scanalyzer . | . . . . . Garrison Access Hacks . | . . . . . Unauthorized Hacks 1 | . 1 . . . Terminals 1 | . 1 . . . Botnet 1 | . 1 . . . Fabricators . | . . . . . Repair Stations . | . . . . . Recycling Units . | . . . . . Scanalyzers . | . . . . . Garrison Access . | . . . . . Data Cores Recovered . | . . . . . Used . | . . . . . Hacking Detections 1 | . 1 . . . Full Trace Events 1 | . 1 . . . Feedback Events . | . . . . . Feedback Blocked . | . . . . . Robot Schematics Acquired . | . . . . . Robots Built . | . . . . . Authchips . | . . . . . Time . | . . . . . Total Robot Build Rating . | . . . . . Part Schematics Acquired . | . . . . . Parts Built . | . . . . . Authchips . | . . . . . Time . | . . . . . Total Part Build Rating . | . . . . . Parts Repaired . | . . . . . Time . | . . . . . Parts Recycled . | . . . . . Recycled Matter . | . . . . . Retrieved Matter . | . . . . . Retrieved Components . | . . . . . Parts Scanalyzed . | . . . . . Part Schematics Acquired . | . . . . . Parts Damaged . | . . . . . Bothacking | -11 -10 -10 -10 -9 ------------ Run | Yrd Mat Min Exi Min Used RIF Installer . | . . . . . Robots Hacked . | . . . . . Non-combat . | . . . . . Combat . | . . . . . Robot Hacks Applied . | . . . . . Relay Couplers Released . | . . . . . Fabnet Peak Effective % . | . . . . . Robots Rewired . | . . . . . Allies Hacked . | . . . . . Hacks Repelled . | . . . . . Allies | -11 -10 -10 -10 -9 -------- Run | Yrd Mat Min Exi Min Total Allies 1 | . . 1 . . Largest Group 1 | . . 1 . . Highest-Rated Group 31 | . . 31 . . Highest-Rated Ally 31 | . . 31 . . Total Orders . | . . . . . Ally Attacks 7 | . . 7 . . Total Damage 125 | . . 125 . . Kills 1 | . . 1 . . Allies Corrupted . | . . . . . Allies Melted . | . . . . . Intel | -11 -10 -10 -10 -9 ------- Run | Yrd Mat Min Exi Min Robot Analysis Total . | . . . . . Derelict Logs Recovered 1 | . . 1 . . Drone Launches . | . . . . . Drone Recoveries . | . . . . . Exploration | -11 -10 -10 -10 -9 ------------- Run | Yrd Mat Min Exi Min Turns Passed 1595 | 78 378 616 413 110 Spaces Moved 715 | 37 152 274 215 37 Core 2 | 2 . . . . Treads . | . . . . . Legs 713 | 35 152 274 215 37 Wheels . | . . . . . Hover . | . . . . . Flight . | . . . . . Fastest Speed 50 | 50 190 120 190 190 Average Speed 194 | 174 213 189 190 190 Slowest Speed 260 | 190 260 190 190 190 Overloaded Moves . | . . . . . Propulsion Burnouts . | . . . . . Robots Hopped . | . . . . . Cave-ins Triggered . | . . . . . Exploration Rate (%) 30 | 5 24 53 60 11 Regions Visited 4 Branch Regions 3 Pre-discovered Areas 2 | . . 2 . . Known Exits Taken . | . . . . . Unknown Exits Taken 4 | 1 1 1 1 . Scrap Searched 1 | . . 1 . . Spaces Dug . | . . . . . Terrain Destroyed . | . . . . . Melee . | . . . . . Projectile . | . . . . . AOE . | . . . . . Terrain Rammed . | . . . . . Walls Destroyed . | . . . . . Machines Disabled . | . . . . . Actions | -11 -10 -10 -10 -9 --------- Run | Yrd Mat Min Exi Min Total 842 | 48 181 337 221 55 Wait 40 | . 3 35 . 2 Move 711 | 36 151 273 214 37 Hop . | . . . . . Pick Up 15 | 7 4 . 4 . Fast Attach 10 | 5 3 1 . 1 Attach 2 | . 1 1 . . Detach . | . . . . . Swap 3 | . 1 2 . . Drop 9 | . 3 3 3 . Fire 52 | . 15 22 . 15 Melee . | . . . . . Ram . | . . . . . Kick . | . . . . . Crush . | . . . . . Escape Stasis . | . . . . . Rewire . | . . . . . Trap . | . . . . . Miscellaneous . | . . . . . Route ------- -11/Scrapyard -10/Materials -10/Mines (discovered 3 exits: [*Mat x2] / *Exi) -10/Exiles -9/Mines (discovered 1 exit: [*Mat]) History --------- Turn | Location | Event 28 | -11/Scrapyard | Discovered new exit (range 15) 79 | -11/Scrapyard | Entered Materials 310 | -10/Materials | Build established: Mutant 383 | -10/Materials | Discovered new exit (range 12) 457 | -10/Materials | Entered Mines 472 | -10/Mines | Escorted by a lone wolf Derelict 492 | -10/Mines | Learned location of Storage (-7) 544 | -10/Mines | Discovered new exit (range 9) 692 | -10/Mines | Core integrity fell below 50% 768 | -10/Mines | Learned location of Zion (-6) 991 | -10/Mines | Discovered new exit (range 10) 1066 | -10/Mines | Deemed a non-threat by the Exiles lab entrance 1066 | -10/Mines | Discovered new exit (range 5) 1073 | -10/Mines | Entered Exiles 1125 | -10/Exiles | Met 8R-AWN 1155 | -10/Exiles | Met EX-HEX 1209 | -10/Exiles | Met EX-BIN 1235 | -10/Exiles | Aligned with FarCom system 1237 | -10/Exiles | Given EX-Vault access code 1283 | -10/Exiles | Opened EX-Vault 1295 | -10/Exiles | Found Trap Reconfigurator 1335 | -10/Exiles | Warned to stay clear of 0b10 Research branches 1398 | -10/Exiles | Met EX-DEC 1468 | -10/Exiles | Discovered new exit (range 11) 1486 | -10/Exiles | Left Exiles lab with Trap Reconfigurator 1486 | -10/Exiles | Entered Mines 1553 | -9/Mines | Discovered new exit (range 14) 1565 | -9/Mines | Core integrity fell below 20% 1596 | -9/Mines | Destroyed by S-10 Pest with Light Assault Rifle Last Messages --------------- here and steal a few of HEX's prototypes. EX-DEC: Ah I see we have a visitor. One wrong move in here and I'll invert your atomic chain! 01400_ EX-DEC: "Oops, I hope HEX didn't hear that..." 01468_ EXIT=FOUND LOCATION=UNKNOWN GOAL=ESCAPE 01486_ Receiving FarCom transmissions... 01553_ EXIT=FOUND 01560_ S-10 Pest destroyed. 01562_ Lgt. Assault Rifle destroyed. 01570_ S-10 Pest destroyed. 01580_ Acquired Lgt. Assault Rifle. 01585_ Destroyed Flight Unit. 01588_ Aluminum Leg destroyed. 01592_ Power failure, Ion Engine shutdown. 01593_ S-10 Pest destroyed. 01593_ Switching to secondary target: S-10 Pest. Map ----- +----------------------------------------------------+ | ???????????????????????????????????????????????? | | ???????????????????????????????????????????????? | | ???????????????????????????????????????????????? | | ???????????????????????????????????????????????? | | ???????????????????????????????????????????????? | | ???????????????????????????????????????????????? | | ???????????????????????????????????????????????? | | ???????????????????????????????????????????????? | | ???????????????????????????????????????????????? | | ???????????????????????????????????????????????? | | ???????????????????????????????????????????????? | | ?????????????????????????????##????????????????? | | ????????????????????????????? ##???????????????? | | ????????????????????????????? #???????????????? | | ????????????????????????????? ##??????????????? | | ????????????????????????????? ???????????????? | | ???????????????????????????? ???????????????? | | ???????????????????????????? #???????????????? | | ???????????????????????????? ##??????????????? | | ???????????????????????????? ##?????????????? | | ?????????????????####??????? #?????????????? | | ????????????????## ##????## #?????????????? | | ???????????????## #????# #?????????????? | | ??????????????## #????# #??????????????? | | ?????????????## ######%[ #???????????????? | | ????????????## *s@%** #???????????????? | | ????????????# ##=####= #???????????????? | | ???????????## ## ##### #???????????????? | | ??????????## ### #???????????????? | | ??????????# #?####### #???????????????? | | ??????????# #????????? ?????????????? | | ??????????# ##??????????# ??????????? | | ??????????## ##???????????? ? ????????? | | ??????????## ##?????????????? ??? #??????? | | ??????????# ##??????????????? ???? #??????? | | ?????????# ##?????????????????